 Dungeon Crawl Stone Soup version 0.18.1-50-g88ac8fd (console) character file.

243 Kloppie the Chopper (level 6, 0/52 HPs)
             Began as a Hill Orc Berserker on Oct 16, 2016.
             Was a Believer of Trog.
             Slain by a phantom (6 damage)
             ... on level 4 of the Dungeon.
             The game lasted 00:03:35 (1832 turns).

Kloppie the Chopper (Hill Orc Berserker)            Turns: 1832, Time: 00:03:36

Health: 0/52       AC: 14    Str: 20    XL:     6   Next: 9%
Magic:  6/6        EV:  6    Int:  7    God:    Trog [**....]
Gold:   148        SH:  0    Dex: 12    Spells: 0 memorised, 5 levels left

rFire  . . .     SeeInvis .     a - +0 hand axe
rCold  . . .     Gourm    .     d - +0 plate armour
rNeg   . . .     Faith    .     (no shield)
rPois  .         Spirit   .     (no helmet)
rElec  .         Dismiss  .     (no cloak)
rCorr  .         Reflect  .     (no gloves)
SustAt .         Harm     .     p - +1 pair of boots
MR     .....                    (no amulet)
Stlth  ..........               (no ring)
                                (no ring)

@: exhausted, slowed, very slow, not resistant to hostile enchantments,
extremely unstealthy
A: no striking features
a: Berserk, Trog's Hand, Burn Spellbooks, Renounce Religion


You were on level 4 of the Dungeon.
You worshipped Trog.
Trog was pleased with you.
You were not hungry.

You visited 1 branch of the dungeon, and saw 4 of its levels.

You collected 148 gold pieces.

Inventory:

Hand Weapons
 a - a +0 hand axe (weapon)
Armour
 d - a +0 plate armour (worn)
 p - a +1 pair of boots (worn)
Jewellery
 b - an uncursed amulet of regeneration {unknown}
Scrolls
 f - 2 scrolls of amnesia {unknown}
 g - 7 scrolls of identify {unknown}
 k - a scroll of enchant weapon {unknown}
 l - a scroll of blinking {unknown}
 n - a scroll of remove curse {unknown}
 q - a scroll of immolation {unknown}
 r - a scroll of enchant armour {unknown}
Potions
 e - a potion of resistance {unknown}
 h - 2 potions of curing
 i - 2 potions of mutation {unknown}
 j - a potion of degeneration {unknown}
 m - a potion of berserk rage {unknown}
 o - a potion of cancellation {unknown}
Comestibles
 c - a bread ration


   Skills:
 - Level 3.7 Fighting
 + Level 6.9 Axes
 + Level 4.8 Armour
 - Level 1.5 Dodging


You had 5 spell levels left.
You didn't know any spells.

Dungeon Overview and Level Annotations

Branches:
Dungeon (4/15)
 Temple: D:4-7

Altars:
Pakellas
Ru
Trog

Annotations:
D:3 Grinder


Message History

The gnoll hits you but does no damage.
The phantom hits you but does no damage.
The gnoll hits you but does no damage. The gnoll barely misses you.
The gnoll hits you with a flail.
* * * LOW HITPOINT WARNING * * *
The phantom blinks!
The gnoll hits you but does no damage. The gnoll completely misses you.
The phantom blinks!
The gnoll hits you but does no damage. The gnoll barely misses you.
The gnoll hits you.
* * * LOW HITPOINT WARNING * * *
The gnoll hits you but does no damage. The gnoll barely misses you.
The gnoll hits you from afar with a halberd!
* * * LOW HITPOINT WARNING * * *
The gnoll hits you but does no damage.
The phantom hits you but does no damage.
The phantom hits you.
* * * LOW HITPOINT WARNING * * *
The phantom hits you.
You die...

....# .. ....$ ....#####
... #.... #.......#
....#...###.......#
....#....?........#
..................#
..................#
.........##.......######
.......@W##........ยง....
.......gg#######........
.###...g.# #........
.###....w### ########.
...........# ###### #.
.......)...# #....# ##.
...........###....####.w
..................##....
..................##....


You could see a phantom, a worm and 3 gnolls.

Vanquished Creatures
  The ghost of thekenny the Conjurer, an amateur HECj (D:3)
  An iguana (D:3)
  An orc wizard (D:2)
  A worker ant (D:4)
  A gnoll (D:4)
  4 adders
  An ooze (D:1)
  2 worms
  2 dart slugs (D:1)
  3 giant geckos
  An orc (D:3)
  2 bats
  A giant cockroach (D:1)
  6 goblins
  2 hobgoblins
  2 jackals (D:1)
  2 giant newts
  4 kobolds
  5 rats
42 creatures vanquished.

Notes
Turn   | Place    | Note
--------------------------------------------------------------
     0 | D:1      | Kloppie the Hill Orc Berserker began the quest for the Orb.
     0 | D:1      | Reached XP level 1. HP: 19/19 MP: 1/1
   230 | D:1      | Reached XP level 2. HP: 26/27 MP: 2/2
   354 | D:1      | Reached XP level 3. HP: 33/33 MP: 3/3
   672 | D:2      | Reached skill level 5 in Axes
   704 | D:2      | Found a bloodstained altar of Trog.
   800 | D:2      | Found a sacrificial altar of Ru.
   820 | D:2      | Reached XP level 4. HP: 24/40 MP: 4/4
   831 | D:2      | Reached ** piety under Trog
   888 | D:2      | Found an oddly glowing altar of Pakellas.
  1671 | D:3      | Noticed thekenny's ghost (amateur HECj)
  1680 | D:3      | Killed thekenny's ghost
  1680 | D:3      | Reached skill level 6 in Axes
  1680 | D:3      | Reached XP level 5. HP: 46/46 MP: 5/5
  1702 | D:3      | Noticed Grinder
  1748 | D:4      | Noticed a phantom
  1788 | D:4      | Reached XP level 6. HP: 24/52 MP: 6/6
  1832 | D:4      | Slain by a phantom

Skill      XL: |  1  2  3  4 |
---------------+-------------+-----
Axes           | 5 6 |  6.9
Armour         | 3 4 |  4.8
Fighting       | |  3.7
Dodging        | |  1.5

Action                   |  1- 3 |  4- 6 || total
-------------------------+-------+-------++-------
Melee: Hand axe          |    81 |   114 ||   195
Invok: Berserk           |     1 |     4 ||     5
       Trog's Hand       |       |     7 ||     7
  Use: Potion            |       |     2 ||     2
 Stab: Paralysed         |       |     1 ||     1
  Eat: Chunk             |     1 |     2 ||     3
       Royal jelly       |       |     1 ||     1
       Meat ration       |       |     1 ||     1
Armor: Plate armour      |    54 |    92 ||   146
       Animal skin       |     6 |       ||     6
Dodge: Dodged            |    32 |    51 ||    83
